 Dungeon Crawl Stone Soup version 0.27-a0-789-g6bb3289e1e (webtiles) character file.

Game seed: 11826333041215934939

2795 dolemite99 the Covered (level 9, -1/66 HPs)
             Began as a Djinni Hunter on Mar 27, 2021.
             Was a Believer of Okawaru.
             Slain by Harold
             ... wielding a +0 mace
              (14 damage)
             ... on level 8 of the Dungeon.
             The game lasted 00:15:51 (16297 turns).

dolemite99 the Covered (Djinni Hunter)             Turns: 16297, Time: 00:15:52

Health: -1/66      AC: 16    Str: 14    XL:     9   Next: 71%
Gold:   53         EV:  7    Int: 16    God:    Okawaru [**....] SH:  0 Dex: 14

rFire    + + +     SeeInvis .   b - +0 lajatang
rCold    x . .     Faith    .   (shield currently unavailable)
rNeg     + . .     Spirit   .   C - +0 plate armour
rPois    ∞         Reflect  .   (no helmet)
rElec    .         Harm     .   j - +0 cloak
rCorr    .         Rampage  .   (no gloves)
Will     .....                  (boots unavailable)
Stlth    ..........             (no amulet)
HPRegen  0.21/turn              z - ring of the Scarab {rF+ rN+ Int+3}
MPRegen  0.00/turn              (no ring)

@: heroic, marked, flying
A: fire resistance 2, cold vulnerability 1, float, innate caster, hp casting,
extra vitality 1
a: Renounce Religion, Heroism


You were on level 8 of the Dungeon.
You worshipped Okawaru.
Okawaru was pleased with you.
You visited 1 branch of the dungeon, and saw 8 of its levels.

You collected 322 gold pieces.
You spent 269 gold pieces at shops.

Inventory:

Hand Weapons
 a - a +1 hunting sling of freezing
 b - a +0 lajatang (weapon)
 d - a +0 short sword
 f - a +0 dagger
 k - a +1 hunting sling
 p - a +1 hand axe of holy wrath
 x - a +2 whip of pain
 D - a +0 mace of protection
 F - a +0 broad axe of holy wrath
 G - a +2 short sword of venom
Missiles
 e - 117 stones (quivered)
 g - 9 poisoned darts
 i - an atropa-tipped dart
 t - 37 bolts
 u - 159 arrows
 v - 6 silver javelins
 w - 5 boomerangs
Armour
 c - a +0 leather armour
 j - a +0 cloak (worn)
 y - +0 steam dragon scales
 A - a +0 scale mail
 B - a +0 chain mail
 C - a +0 plate armour (worn)
Jewellery
 z - the ring of the Scarab (right hand) {rF+ rN+ Int+3}
   (You found it on level 4 of the Dungeon)

   [ring of protection from fire]

   It affects your intelligence (+3).
   It protects you from fire.
   It protects you from negative energy.
Wands
 m - a wand of digging (6)
Scrolls
 n - a scroll of teleportation
 r - a scroll of blinking
Potions
 h - 2 potions of lignification {unknown}
 l - 3 potions of flight {unknown}
 q - a potion of resistance {unknown}
 s - a potion of heal wounds {unknown}
 E - a potion of might {unknown}


   Skills:
 - Level 5.8(10.8) Fighting
 + Level 6.3(11.3) Staves
 - Level 4.9(9.9) Slings
 - Level 6.3(11.3) Armour
 - Level 2.1(7.1) Dodging
 - Level 0.7(5.7) Stealth
 - Level 5.0 Invocations


You couldn't memorise any spells.
You knew the following spells:

 Your Spells              Type           Power      Damage    Failure   Level
a - Pain                  Necr           0%         1d4       100%        1
b - Blink                 Tloc           N/A        N/A       100%        2
c - Lesser Beckoning      Tloc           0%         N/A       100%        3
d - Iskenderun's Mystic   Conj/Tloc      0%         2d3       100%        4
Your spell library was empty.


Dungeon Overview and Level Annotations

Branches:
Dungeon (8/15)             Temple (0/1) D:4
   Lair: D:8-11

Altars:
Cheibriados
Elyvilon
Kikubaaqudgha
Makhleb
Nemelex Xobeh
Okawaru
Qazlal
Ru
Wu Jian

Shops:
D:2 *   D:7 (

Annotations:
D:8 Harold


Innate Abilities, Weirdness & Mutations

You are immune to poison.
Your flesh is very heat resistant. (rF++)
You are vulnerable to cold. (rC-)
You float through the air rather than walking.
You learn spells naturally, not from books.
Your magical power is your life essence.
You have superior vitality. (+4 HP)


Message History

The puff of flame hits you but does no damage.
You miss the orc wizard.
The orc wizard is heavily wounded.
The orc wizard barely misses you.
You gain the combat prowess of a mighty hero.
The orc wizard hits you but does no damage.
You slash the orc wizard!
You kill the orc wizard!
Okawaru accepts your kill.
You closely miss Harold. You barely miss Harold.
Harold hits you with a +0 mace.
You hit Harold but do no damage. Harold hits you with a +0 mace!
You slash Harold!
Harold is lightly wounded.
Harold gestures at you while chanting. A sentinel's mark forms upon you.
You slice Harold!!
Harold is heavily wounded.
Harold hits you but does no damage.
You feel better. Harold hits you with a +0 mace!
You feel better. Harold hits you with a +0 mace!
* * * LOW HITPOINT WARNING * * *
You slash Harold!
Harold is heavily wounded.
Harold hits you but does no damage.
You hit Harold but do no damage.
Harold is heavily wounded.
You hit Harold but do no damage.
Harold is heavily wounded.
Harold hits you but does no damage.
You hit Harold.
Harold is heavily wounded.
Harold hits you but does no damage.
You slice Harold!!
Harold is almost dead.
Harold barely misses you.
You hit Harold but do no damage.
Harold is almost dead.
Harold hits you with a +0 mace!
You die...

#
#K#######
#.....o{#
#######@#
#####@#
#.....#
#.##### #


You could see Harold and an orc.

Vanquished Creatures
  Sigmund (D:5)
  2 steam dragons
  3 water moccasins
  A black bear (D:5)
  An orc warrior (D:5)
  A necrophage (D:7)
  7 ogres
  A centaur (D:7)
  A phantom (D:6)
  A bullfrog (D:8)
  2 scorpions (D:5)
  A howler monkey (D:6)
  A centaur zombie (D:5)
  5 hounds
  2 bullfrog zombies (D:6)
  4 orc priests
  A jelly (D:6)
  3 iguanas
  7 orc wizards
  2 killer bee zombies
  A mummy (D:4)
  A howler monkey zombie (D:7)
  A howler monkey skeleton (D:6)
  An adder (D:3)
  A shadow imp (D:5)
  2 white imps
  2 ufetubi (D:5)
  A worm (D:2)
  3 dart slugs
  18 orcs
  2 bats
  6 endoplasms
  3 giant cockroaches (D:3)
  6 goblins
  5 hobgoblins
  5 jackals
  11 kobolds
  A quokka (D:3)
  6 ball pythons
  6 frilled lizards
  9 rats
138 creatures vanquished.

Notes
Turn   | Place    | Note
-------+----------+-------------------------------------------
     0 | D:1      | dolemite99 the Djinni Hunter began the quest for the Orb.
     0 | D:1      | Reached XP level 1. HP: 18/18 MP: 0/0
   339 | D:1      | Reached XP level 2. HP: 24/24 MP: 0/0
   824 | D:1      | Reached XP level 3. HP: 30/30 MP: 0/0
   824 | D:1      | Learned a level 1 spell: Pain
   938 | D:2      | Found an iron altar of Okawaru.
  1073 | D:2      | Became a worshipper of Warmaster Okawaru
  1359 | D:2      | Found Ywno's Assorted Antiques.
  1367 | D:2      | Bought a scroll labelled EVIUFFEORU for 26 gold pieces
  1367 | D:2      | Bought a sedimented white potion for 23 gold pieces
  1905 | D:3      | Reached XP level 4. HP: 33/38 MP: 0/0
  3212 | D:4      | Noticed an ogre
  3295 | D:3      | Found an ornate altar of the Wu Jian Council.
  3338 | D:3      | Reached skill level 5 in Fighting
  3340 | D:3      | Reached XP level 5. HP: 21/43 MP: 0/0
  3340 | D:3      | Learned a level 2 spell: Blink
  4140 | D:3      | Found a faded altar of an unknown god.
  4225 | D:4      | Identified the ring of the Scarab {rF+ rN+ Int+3}
  4453 | D:4      | Found a staircase to the Ecumenical Temple.
  4748 | D:4      | Killed an ogre
  4749 | D:4      | Reached XP level 6. HP: 46/49 MP: 0/0
  5096 | D:4      | Found a snail-covered altar of Cheibriados.
  5557 | D:4      | Reached * piety under Okawaru
  6103 | D:2      | Bought a chain mail for 117 gold pieces
  6175 | D:5      | Entered Level 5 of the Dungeon
  6353 | D:5      | Found a burning altar of Makhleb.
  6354 | D:5      | Found a burning altar of Makhleb.
  6382 | D:5      | Reached skill level 1 in Armour
  6535 | D:5      | Reached XP level 7. HP: 33/54 MP: 0/0
  6535 | D:5      | Learned a level 3 spell: Lesser Beckoning
  7277 | D:5      | Found a stormy altar of Qazlal.
  7351 | D:5      | Noticed Sigmund
  7488 | D:5      | Killed Sigmund
  7489 | D:5      | Reached skill level 5 in Armour
  8528 | D:5      | Reached XP level 8. HP: 55/59 MP: 0/0
 10182 | D:5      | Reached skill level 1 in Invocations
 10635 | D:5      | Found a sparkling altar of Nemelex Xobeh.
 10947 | D:6      | Reached ** piety under Okawaru
 10970 | D:6      | Found a white marble altar of Elyvilon.
 11442 | D:6      | Reached skill level 5 in Invocations
 11633 | D:6      | Reached skill level 1 in Staves
 11633 | D:6      | Reached XP level 9. HP: 65/66 MP: 0/0
 11633 | D:6      | Learned a level 4 spell: Iskenderun's Mystic Blast
 12507 | D:7      | Found a sacrificial altar of Ru.
 13337 | D:7      | Found Tefits's Antique Weapon Boutique.
 13665 | D:7      | Bought a runed hunting sling for 103 gold pieces
 14985 | D:7      | Reached skill level 5 in Staves
 16024 | D:8      | Noticed Harold
 16297 | D:8      | Slain by Harold

Illustrated notes

Levels and vault maps discovered:
D:1:      minmay_arrival_stair_chambers, layout_loops_corners
D:2:      layout_loops_ring, okawaru_ov_weapons_minmay, serial_shops, shop
D:3:      minmay_razor_zed, layout_loops_cross, general_overflow_altar,
          chequers_ecumenical_altar_simple
D:4:      layout_layer_cave, temple_doors_e, chei_slow_surprise
D:5:      layout_basic, nicolae_overflow_hidden_temple, basic_altar,
          nemelex_dance_club_becter, uniq_sigmund
D:6:      layout_gridville, elyvilon_altar_4
D:7:      layout_gridville, serial_shops, shop_statue, basic_altar,
          amethyst_killhole
D:8:      layout_basic, serial_corexii_hall, chequers_hall_statues_corner_a,
          corexii_hall_statues_l, uniq_maggie, uniq_psyche, uniq_harold

Skill      XL: |  1  2  3  4  5  6  7  8  9 |
---------------+----------------------------+-----
Fighting       | 3 4 5 |  5.8
Slings         | 4 |  4.9
Armour         | 3 5 6 |  6.3
Invocations    | 5 |  5.0
Staves         | 1 6 |  6.3
Dodging        | |  2.1
Stealth        | |  0.7

Action                   |  1- 3 |  4- 6 |  7- 9 || total
-------------------------+-------+-------+-------++-------
Melee: Lajatang          |       |       |    94 ||    94
 Fire: Hunting sling     |    78 |   179 |   369 ||   626
Throw: Dart              |       |    19 |    32 ||    51
       Stone             |       |       |     1 ||     1
Invok: Heroism           |       |       |    27 ||    27
  Use: Scroll            |     1 |     1 |    11 ||    13
       Potion            |       |     2 |     4 ||     6
Armor: Leather armour    |     4 |    13 |       ||    17
       Chain mail        |       |    24 |    86 ||   110
       Scale mail        |       |     4 |       ||     4
       Plate armour      |       |       |   171 ||   171
Dodge: Dodged            |    10 |    39 |   102 ||   151

Table legend: (Time is in decaauts)
 A = Elapsed time spent in this place.
 B = Non-inter-level travel time spent in this place.
 C = Inter-level travel time spent in this place.
 D = Time resting spent in this place.
 E = Time spent auto-exploring this place.
 F = Levels seen in this place.
 G = Mean time per level.
                   A        B        C        D        E       F      G
               +--------+--------+--------+--------+--------+-----+--------+
         Total |  16242 |  15560 |    682 |   8474 |   4844 |   8 | 2030.2 |
       Dungeon |  16242 |  15560 |    682 |   8474 |   4844 |   8 | 2030.2 |
               +--------+--------+--------+--------+--------+-----+--------+

Top non-repeatable levels by time:
     D:5: 3545 daAuts
     D:4: 2965 daAuts
     D:7: 2448 daAuts
     D:3: 2353 daAuts
     D:6: 2197 daAuts
     D:2: 969 daAuts
     D:1: 937 daAuts
     D:8: 825 daAuts
